 Dungeon Crawl Stone Soup version 0.20.0-15-g7f486f2 (webtiles) character file.

13833 Peloso the Carver (level 11, 0/99 HPs)
             Began as a Minotaur Fighter on July 2, 2017.
             Was a High Priest of Okawaru.
             Slain by an eight-headed hydra (3 damage)
             ... on level 11 of the Dungeon.
             The game lasted 00:30:30 (12069 turns).

Peloso the Carver (Minotaur Fighter)               Turns: 12069, Time: 00:30:31

Health: 0/99       AC: 20    Str: 22    XL:     11   Next: 80%
Magic:  8/11       EV: 11    Int:  5    God:    Okawaru [*****.]
Gold:   535        SH: 14    Dex: 12    Spells: 10/10 levels left

rFire    + . .     SeeInvis .   a - +1 long sword (freeze)
rCold    . . .     Gourm    .   c - +0 shield
rNeg     . . .     Faith    .   A - +0 plate armour
rPois    .         Spirit   .   (helmet restricted)
rElec    .         Reflect  .   (no cloak)
rCorr    .         Harm     .   i - +0 pair of gloves {archery}
MR       .....                  u - +0 pair of boots
Stlth    ..........             (no amulet)
Regen    0.3/turn               s - ring of protection from fire
MPRegen  0.2/turn               J - ring of stealth

@: heroism
A: retaliatory headbutt, horns 2
a: Heroism, Finesse, Renounce Religion


You were on level 11 of the Dungeon.
You worshipped Okawaru.
Okawaru was extremely pleased with you.
You were not hungry.

You visited 2 branches of the dungeon, and saw 13 of its levels.

You collected 639 gold pieces.
You spent 104 gold pieces at shops.

Inventory:

Hand Weapons
 a - a +1 long sword of freezing (weapon)
 p - a +2 spear of piercing
 H - a +4 battleaxe
Armour
 c - a +0 shield (worn)
 i - a +0 pair of gloves of archery (worn)
 u - a +0 pair of boots (worn)
 A - a +0 plate armour (worn)
 I - a +1 chain mail of cold resistance
Jewellery
 o - an uncursed ring of protection from cold {unknown}
 s - a ring of protection from fire (left hand)
 w - an uncursed ring of magical power
 y - an uncursed ring of wizardry
 D - an uncursed ring of positive energy
 J - a ring of stealth (right hand)
Wands
 b - a wand of digging (0/24)
 r - a wand of lightning (6/15)
 v - a wand of lightning (7/15)
 z - a wand of lightning (7/15)
 E - a wand of confusion (27/48)
 F - a wand of flame (0/48)
 K - a wand of lightning (12/15)
Scrolls
 e - a scroll of amnesia
 g - 5 scrolls of teleportation
 j - 3 scrolls of identify
 N - a scroll of enchant weapon
Potions
 d - a potion of might
 k - 3 potions of flight
 l - a potion of haste
 q - 2 potions of curing
 x - 2 potions of agility
 B - a potion of invisibility
 C - a potion of heal wounds
 G - a potion of ambrosia
Books
 n - a book of Cantrips

   Spells                             Type                      Level
   a - Confusing Touch                Hexes                        1
   b - Animate Skeleton               Necromancy                   1
   c - Summon Small Mammal            Summoning                    1
   d - Apportation                    Translocation                1
 M - a book of Flames

   Spells                             Type                      Level
   a - Flame Tongue                   Conjuration/Fire             1
   b - Throw Flame                    Conjuration/Fire             2
   c - Conjure Flame                  Conjuration/Fire             3
   d - Inner Flame                    Hexes/Fire                   3
   e - Sticky Flame                   Conjuration/Fire             4
   f - Fireball                       Conjuration/Fire             5
Comestibles
 f - 6 bread rations
 h - 6 meat rations
 m - 4 fruits
 t - 6 royal jellies


   Skills:
 + Level 9.7(14.7) Fighting
 + Level 13.4(18.4) Long Blades
 + Level 10.8(15.8) Armour
 + Level 4.4(9.4) Dodging
 + Level 0.3(5.3) Stealth
 + Level 11.5(16.5) Shields
 + Level 1.4 Invocations
 + Level 0.1 Evocations


You had 10 spell levels left.
You didn't know any spells.

Dungeon Overview and Level Annotations

Branches:
Dungeon (12/15)            Temple (1/1) D:5            Lair (0/6) D:9
    Orc (0/2) D:11

Altars:
Ashenzari
Cheibriados
Dithmenos
Elyvilon
Fedhas
Gozag
Hepliaklqana
Kikubaaqudgha
Makhleb
Nemelex Xobeh
Okawaru
Qazlal
Ru
Sif Muna
Trog
Uskayaw
Vehumet
Xom
Yredelemnul
Zin
The Shining One

Shops:
D:6 }


Innate Abilities, Weirdness & Mutations

You reflexively headbutt those who attack you in melee.
You have a pair of horns on your head.


Message History

Unknown command.
You slice one of the seven-headed hydra's heads off!
The six-headed hydra grows two more!
You slash the eight-headed hydra!
The eight-headed hydra seems to slow down.
You freeze the eight-headed hydra.
The eight-headed hydra is moderately wounded.
You block the eight-headed hydra's attack. x4
The eight-headed hydra bites you but does no damage.
The eight-headed hydra barely misses you.
The eight-headed hydra bites you but does no damage.
The eight-headed hydra bites you!
* * * LOW HITPOINT WARNING * * *
Your plate armour prevents you from hitting the eight-headed hydra.
The eight-headed hydra is moderately wounded.
Unknown command.
You barely miss the eight-headed hydra. You headbutt the eight-headed hydra.
The eight-headed hydra is heavily wounded.
You block the eight-headed hydra's attack.
The eight-headed hydra bites you.
You die...

## #...##########
#..D@......#
.....########.# ###.
#.#
#.###.#########.####..
#.......†..†...........
#..##.###.#.#.#####...<
#..#.....###.....(....#
#.......#.#.#.#####.#
#........#.##.#


You could see an eight-headed hydra.

Vanquished Creatures
  3 two-headed ogres
  The ghost of ANON1729 the Destroyer, a novice TeCj of Vehumet (D:10)
  An ugly thing (D:12)
  A manticore (D:11)
  A centaur skeleton (D:10)
  3 trolls
  The ghost of stultus the Cudgeler, an amateur DsBe of Trog (D:4)
  Grinder (D:5)
  Prince Ribbit (D:7)
  A hornet (D:11)
  A hippogriff (D:11)
  11 yaks
  Eustachio (D:7)
  2 wraiths
  2 hungry ghosts
  Menkaure (D:4)
  3 water moccasins
  3 porcupines
  An ice beast (D:9)
  6 orc warriors
  2 sky beasts
  A black bear (D:9)
  3 phantoms
  6 ogres
  An eye of draining (D:10)
  A centaur (D:9)
  4 crocodiles
  10 bullfrogs
  3 gnoll sergeants (D:7)
  A wyvern zombie (D:11)
  A water moccasin skeleton (D:6)
  6 scorpions
  12 killer bees
  A troll zombie (D:11)
  2 howler monkeys
  3 centaur zombies
  4 crimson imps
  3 bullfrog zombies
  2 quasits
  A jelly (D:8)
  7 hounds
  5 orc wizards
  3 orc priests
  4 bullfrog skeletons
  2 iguanas
  8 worker ants
  A killer bee zombie (D:5)
  5 ogre zombies (D:11)
  2 hound skeletons
  2 howler monkey zombies
  2 worker ant zombies
  7 gnolls
  11 adders
  2 shadow imps
  2 oozes
  2 adder skeletons
  2 worms
  3 dart slugs
  12 leopard geckos
  28 orcs
  3 ball pythons
  4 giant cockroaches
  5 goblins
  4 hobgoblins
  16 jackals
  14 kobolds
  6 quokkas
  7 bats
  3 frilled lizards
  2 goblin skeletons (D:11)
  2 goblin zombies (D:11)
  A hobgoblin skeleton (D:11)
  A hobgoblin zombie (D:11)
  2 jackal zombies
  A leopard gecko skeleton (D:7)
  A leopard gecko zombie (D:5)
  13 orc zombies (D:11)
  3 quokka skeletons
  5 rats
  A bush (D:1)
  A plant (D:1)
317 creatures vanquished.

Vanquished Creatures (others)
  An orc (D:4)
  A fungus (D:9)
  7 plants
9 creatures vanquished.

Grand Total: 326 creatures vanquished

Notes
Turn   | Place    | Note
-------+----------+-------------------------------------------
     0 | D:1      | Peloso the Minotaur Fighter began the quest for the Orb.
     0 | D:1      | Reached XP level 1. HP: 19/19 MP: 0/0
   106 | D:1      | Reached XP level 2. HP: 14/27 MP: 1/1
   594 | D:1      | Reached XP level 3. HP: 33/33 MP: 2/2
  1515 | D:2      | Reached skill level 3 in Long Blades
  1736 | D:3      | Reached XP level 4. HP: 40/40 MP: 3/3
  2791 | D:4      | Reached skill level 1 in Dodging
  2791 | D:4      | Reached XP level 5. HP: 38/46 MP: 4/4
  2799 | D:4      | Reached skill level 4 in Long Blades
  2799 | D:4      | Reached skill level 5 in Armour
  2842 | D:4      | Reached XP level 6. HP: 28/52 MP: 5/5
  2869 | D:4      | Reached skill level 5 in Long Blades
  3280 | D:4      | Found a sacrificial altar of Ru.
  3318 | D:4      | Noticed stultus's ghost (amateur DsBe)
  3336 | D:4      | Killed stultus's ghost
  3336 | D:4      | Reached skill level 5 in Shields
  3336 | D:4      | Reached XP level 7. HP: 32/60 MP: 6/6
  3741 | D:4      | Reached skill level 6 in Long Blades
  3940 | D:4      | Noticed Menkaure
  3945 | D:4      | Killed Menkaure
  3966 | D:4      | Found a shimmering altar of Xom.
  3966 | D:4      | Found a sparkling altar of Nemelex Xobeh.
  4105 | D:5      | Entered Level 5 of the Dungeon
  4467 | D:5      | Reached skill level 5 in Fighting
  4597 | D:5      | Reached XP level 8. HP: 63/68 MP: 7/7
  4614 | D:5      | Found a glowing golden altar of the Shining One.
  4757 | D:5      | Noticed Grinder
  4765 | D:5      | Killed Grinder
  4765 | D:5      | Reached skill level 7 in Long Blades
  4815 | D:5      | Found a staircase to the Ecumenical Temple.
  4826 | Temple   | Entered the Ecumenical Temple
  4934 | Temple   | Became a worshipper of Warmaster Okawaru
  5330 | D:6      | Reached skill level 8 in Long Blades
  5441 | D:6      | Found a blossoming altar of Fedhas.
  5485 | D:6      | Found Qid Baw Jei's Quality Used Wands.
  5639 | D:6      | Found a snail-covered altar of Cheibriados.
  5642 | D:6      | Found an opulent altar of Gozag.
  5645 | D:6      | Found a basalt altar of Yredelemnul.
  5692 | D:6      | Found a white marble altar of Elyvilon.
  5793 | D:6      | Reached * piety under Okawaru
  5852 | D:6      | Reached XP level 9. HP: 52/75 MP: 8/8
  5933 | D:6      | Found a radiant altar of Vehumet.
  6059 | D:6      | Reached skill level 9 in Long Blades
  6426 | D:7      | Reached ** piety under Okawaru
  6521 | D:7      | Noticed Prince Ribbit
  6674 | D:7      | Reached skill level 10 in Long Blades
  6895 | D:7      | Killed Prince Ribbit
  6908 | D:7      | Noticed Eustachio
  6967 | D:7      | Killed Eustachio
  7670 | D:6      | Bought a wand of digging (0/24) for 104 gold pieces
  7677 | D:6      | Identified a scroll of acquirement
  7851 | D:8      | Noticed a two-headed ogre
  7866 | D:8      | Killed a two-headed ogre
  7866 | D:8      | Reached *** piety under Okawaru
  7866 | D:8      | Reached skill level 1 in Invocations
  7866 | D:8      | Reached XP level 10. HP: 22/86 MP: 9/9
  8193 | D:8      | Noticed a two-headed ogre
  8212 | D:8      | Killed a two-headed ogre
  8212 | D:8      | Reached **** piety under Okawaru
  8212 | D:8      | Reached skill level 11 in Long Blades
  8896 | D:9      | Received a gift from Okawaru
  8958 | D:9      | Found a staircase to the Lair.
  9366 | D:8      | Reached skill level 10 in Shields
  9475 | D:8      | Reached ***** piety under Okawaru
  9897 | D:8      | Reached skill level 10 in Armour
  9897 | D:8      | Reached XP level 11. HP: 69/95 MP: 10/10
 10056 | D:9      | Found a hide-covered altar of Uskayaw.
 10056 | D:9      | Noticed a hand axe
 10057 | D:9      | Noticed a hand axe
 10288 | D:9      | Reached skill level 12 in Long Blades
 11106 | D:10     | Entered Level 10 of the Dungeon
 11116 | D:10     | Noticed ANON1729's ghost (novice TeCj)
 11137 | D:10     | Killed ANON1729's ghost
 11377 | D:10     | You fall through a shaft for 2 floors!
 11471 | D:12     | Noticed a cyan ugly thing
 11487 | D:12     | Killed a cyan ugly thing
 11540 | D:11     | Found a staircase to the Orcish Mines.
 11724 | D:11     | Reached skill level 13 in Long Blades
 11740 | D:11     | Received a gift from Okawaru
 11969 | D:11     | Noticed a two-headed ogre
 11974 | D:11     | Killed a two-headed ogre
 12055 | D:11     | Noticed a four-headed hydra
 12067 | D:11     | HP: 3/99 [eight-headed hydra (10)]
 12069 | D:11     | Slain by an eight-headed hydra

Skill      XL: |  1  2  3  4  5  6  7  8  9 10 11 |
---------------+----------------------------------+-----
Armour         | 4 5 6 7 9 10 | 10.8
Shields        | 4 5 7 9 10 11 | 11.5
Fighting       | 4 5 6 7 8 9 |  9.7
Long Blades    | 3 4 5 6 8 10 11 13 | 13.4
Dodging        | 1 2 3 4 |  4.4
Invocations    | 1 |  1.4
Stealth        | |  0.3
Evocations     | |  0.1

Action                   |  1- 3 |  4- 6 |  7- 9 | 10-12 || total
-------------------------+-------+-------+-------+-------++-------
Melee: Long sword        |   175 |   106 |   476 |   602 ||  1359
       Headbutt          |    54 |    25 |   104 |   131 ||   314
Invok: Heroism           |       |       |     4 |    12 ||    16
Evoke: Wand              |       |       |     2 |     4 ||     6
  Use: Scroll            |     2 |       |    14 |     6 ||    22
       Potion            |     3 |       |     1 |     2 ||     6
  Eat: Chunk             |     2 |     5 |    17 |    17 ||    41
       Fruit             |       |       |     3 |       ||     3
Armor: Scale mail        |    53 |    32 |    25 |       ||   110
       Chain mail        |       |       |    47 |       ||    47
       Plate armour      |       |       |   119 |   239 ||   358
Dodge: Dodged            |    41 |    38 |   112 |   153 ||   344
Block: Shield            |    69 |    41 |   242 |   354 ||   706
       Rpst.: Long sword |     9 |     6 |    32 |    42 ||    89
